 Dungeon Crawl Stone Soup version 0.24-a0-507-g3e8b242632 (webtiles) character file.

Game seed: 10894749087442791681

128 Peloso the Covered (level 4, -4/40 HPs)
             Began as a Minotaur Fighter on July 19, 2019.
             Slain by Duvessa
             ... wielding a +6 rapier of draining
              (13 damage)
             ... on level 4 of the Dungeon.
             The game lasted 00:03:33 (2385 turns).

Peloso the Covered (Minotaur Fighter)               Turns: 2385, Time: 00:03:34

Health: -4/40      AC:  9    Str: 20    XL:     4   Next: 87%
Magic:  3/3        EV:  5    Int:  5    God:
Gold:   148        SH: 13    Dex: 11    Spells: 3/3 levels left

rFire    . . .     SeeInvis .   a - +0 long sword
rCold    . . .     Gourm    .   c - +0 shield
rNeg     . . .     Faith    .   e - +0 chain mail
rPois    .         Spirit   .   (helmet restricted)
rElec    .         Reflect  +   (no cloak)
rCorr    .         Harm     .   (no gloves)
MR       .....                  (no boots)
Stlth    ..........             t - +4 amulet of reflection
HPRegen  0.13/turn              (no ring)
MPRegen  0.08/turn              (no ring)

@: heavily drained
A: retaliatory headbutt, horns 2
a: no special abilities


You were on level 4 of the Dungeon.
You were hungry.

You visited 1 branch of the dungeon, and saw 4 of its levels.

You collected 148 gold pieces.

Inventory:

Hand Weapons
 a - a +0 long sword (weapon)
Armour
 b - a +0 scale mail
 c - a +0 shield (worn)
 e - a +0 chain mail (worn)
Jewellery
 g - a +3 ring of dexterity {unknown}
 t - a +4 amulet of reflection (around neck)
Scrolls
 h - a scroll of enchant weapon {unknown}
 i - 3 scrolls of magic mapping {unknown}
 j - 2 scrolls of identify
 k - 3 scrolls of enchant armour {unknown}
 n - a scroll of teleportation {unknown}
 r - a scroll of random uselessness {unknown}
Potions
 d - 2 potions of might
 l - a potion of brilliance {unknown}
 m - 4 potions of haste
 o - 2 potions of curing
 p - 2 potions of mutation {unknown}
 q - a potion of magic {unknown}
 s - a potion of cancellation {unknown}
 u - a potion of invisibility {unknown}
 v - a potion of agility {unknown}
Comestibles
 f - 8 rations


   Skills:
 + Level 4.1(2.9) Fighting
 + Level 3.9(2.7) Long Blades
 + Level 4.7(3.5) Armour
 + Level 4.7(3.5) Shields


You had 3 spell levels left.
You didn't know any spells.
Your spell library was empty.

Dungeon Overview and Level Annotations

Branches:
Dungeon (4/15)
 Temple: D:4-7

Altars:
Ashenzari
Kikubaaqudgha
Sif Muna
Zin

Annotations:
D:4 Dowan, Duvessa


Innate Abilities, Weirdness & Mutations

You reflexively headbutt those who attack you in melee.
You have a pair of horns on your head.


Message History

You hit Duvessa.
Duvessa is moderately wounded.
You block Duvessa's attack. x2
Your chain mail prevents you from hitting Duvessa.
You headbutt Duvessa, but do no damage.
Duvessa is moderately wounded.
Duvessa hits you with a +6 rapier of draining.
You feel drained.
You closely miss Duvessa.
Duvessa is moderately wounded.
Duvessa hits you with a +6 rapier of draining!
You feel drained.
* * * LOW HITPOINT WARNING * * *
You hit Duvessa but do no damage. You headbutt Duvessa.
Duvessa is moderately wounded.
You block Duvessa's attack.
You hit Duvessa but do no damage.
Duvessa is moderately wounded.
Duvessa hits you with a +6 rapier of draining!
You die...

.## #.# #.# ..###.# #.#
..[...# ##.##### #######
#......# # #..###.# #
#..# #.# ## ##..# #.# .##
####...###.# ..##
#........#@# ...#
#.#...##.#e#
....###.........e#####...
....+.....#.........ee...
....###..###.#.#######...
...## #.#.#.##.# ..##
#.##.[##.# .## #.###.##.#
## #........#


You could see Duvessa and Dowan.

Vanquished Creatures
  An orc priest (D:4)
  A worker ant (D:4)
  4 worms
  3 dart slugs
  2 leopard geckos (D:1)
  An orc (D:3)
  4 giant cockroaches
  7 goblins
  4 hobgoblins
  4 jackals (D:2)
  2 quokkas
  2 ball pythons
  5 bats
  3 frilled lizards
  6 kobolds
  3 rats
52 creatures vanquished.

Notes
Turn   | Place    | Note
-------+----------+-------------------------------------------
     0 | D:1      | Peloso the Minotaur Fighter began the quest for the Orb.
     0 | D:1      | Reached XP level 1. HP: 19/19 MP: 0/0
   251 | D:1      | Reached XP level 2. HP: 27/27 MP: 1/1
   948 | D:2      | Reached XP level 3. HP: 25/33 MP: 2/2
  1215 | D:2      | Found a shattered altar of Ashenzari.
  1597 | D:3      | Found an ancient bone altar of Kikubaaqudgha.
  1609 | D:3      | Found a glowing silver altar of Zin.
  2114 | D:3      | Reached XP level 4. HP: 40/40 MP: 3/3
  2273 | D:4      | Found a deep blue altar of Sif Muna.
  2366 | D:4      | Noticed Dowan
  2367 | D:4      | Noticed Duvessa
  2385 | D:4      | Slain by Duvessa

Levels and vault maps discovered:
D:1:      erik_arrival_cave_to_civilisation [erik_arrival_cave_to_hall],
          layout_basic
D:2:      layout_basic, nicolae_overflow_crystal_walls
D:3:      layout_loops_ring, grunt_temple_overflow_open, st_stairs_5,
          dk_noncrumbling_3, guppyfry_early_lair_pool
D:4:      layout_loops_corners, overflow_temple_1_default,
          lemuel_temple_firewalk_b, uniq_duvessa

Skill      XL: |  1  2  3 |
---------------+----------+-----
Armour         | 4 |  4.7
Shields        | 4 |  4.7
Fighting       | 4 |  4.1
Long Blades    | 3 |  3.9

Action                   |  1- 3 |  4- 6 || total
-------------------------+-------+-------++-------
Melee: Long sword        |   141 |    26 ||   167
       Headbutt          |    21 |    10 ||    31
  Use: Scroll            |     4 |       ||     4
  Eat: Chunk             |     3 |     1 ||     4
Armor: Scale mail        |     3 |       ||     3
       Chain mail        |    63 |     5 ||    68
Dodge: Dodged            |    34 |     7 ||    41
Block: Shield            |    74 |    15 ||    89
       Reflection        |     2 |       ||     2
       Rpst.: Long sword |     9 |     3 ||    12

Table legend:
 A = Non-vault XP
 B = Vault XP
 C = Vault XP percentage of total XP
 D = Non-vault monster count
 E = Vault monster count
 F = Vault count percentage of total count
                 A         B        C        D         E       F
            +---------+---------+-------+---------+---------+-------
      Total |     175 |       9 |   4.9 |      49 |       3 |   5.8
            +---------+---------+-------+---------+---------+-------
        D:1 |      30 |       0 |   0.0 |      15 |       0 |   0.0
        D:2 |      36 |       0 |   0.0 |      17 |       0 |   0.0
        D:3 |      23 |       9 |  28.1 |      12 |       3 |  20.0
        D:4 |      86 |       0 |   0.0 |       5 |       0 |   0.0
            +---------+---------+-------+---------+---------+-------
